 Dungeon Crawl Stone Soup version 0.26-a0-774-g1415c89e12 (webtiles) character file.

Game seed: 16212996605991452072

158 Kinoniko the Chopper (level 5, -3/46 HPs)
             Began as a Draconian Monk on Nov 9, 2020.
             Slain by a wight
             ... wielding a cursed +0 mace
              (4 damage)
             ... on level 2 of the Dungeon.
             The game lasted 00:01:43 (1934 turns).

Kinoniko the Chopper (Draconian Monk)               Turns: 1934, Time: 00:01:43

Health: -3/46      AC:  5    Str: 14    XL:     5   Next: 16%
Magic:  5/5        EV: 13    Int: 10    God:
Gold:   103        SH:  0    Dex: 14    Spells: 4/4 levels left

rFire    . . .     SeeInvis .   a - +0 hand axe
rCold    . . .     Faith    .   (no shield)
rNeg     . . .     Spirit   .   (armour unavailable)
rPois    .         Reflect  .   (helmet restricted)
rElec    .         Harm     .   (no cloak)
rCorr    .         Rampage  .   (no gloves)
MR       .....                  (no boots)
Stlth    ++........             (no amulet)
HPRegen  0.15/turn              (no ring)
MPRegen  0.09/turn              (no ring)

@: mighty, brilliant, drained
A: unfitting armour, cold-blooded, AC +5
a: no special abilities


You were on level 2 of the Dungeon.
You visited 1 branch of the dungeon, and saw 2 of its levels.

You collected 103 gold pieces.

Inventory:

Hand Weapons
 a - a +0 hand axe (weapon)
Scrolls
 b - a scroll of magic mapping {unknown}
 c - a scroll of fog {unknown}
 h - a scroll of remove curse {unknown}
 i - a scroll of random uselessness {unknown}
 j - 2 scrolls of immolation {unknown}
Potions
 d - 2 potions of curing
 e - a potion of magic
 f - a potion of brilliance


   Skills:
 + Level 4.3(3.6) Fighting
 * Level 4.7(4.0) Axes
 + Level 3.5(2.8) Dodging
 - Level 1.7(1.1) Stealth


You had 4 spell levels left.
You didn't know any spells.
Your spell library was empty.

Dungeon Overview and Level Annotations

Branches:
Dungeon (2/15)

Altars:


Innate Abilities, Weirdness & Mutations

Your plain brown scales are hard. (AC +5)
You cannot fit into any form of body armour.
You are cold-blooded and may be slowed by cold attacks.


Message History

You hit the wight.
The wight is moderately damaged.
The wight hits you from afar with a cursed +3 trident.
The wight hits you with a cursed +0 mace.
You hit the wight.
The wight is severely damaged.
The wight barely misses you.
The wight hits you with a cursed +0 mace!
* * * LOW HITPOINT WARNING * * *
You feel drained.
* * * LOW HITPOINT WARNING * * *
You closely miss the wight.
The wight is severely damaged.
The wight closely misses you. x2
You closely miss the wight.
Your tail-slap misses the wight.
The wight is severely damaged.
The wight hits you from afar with a cursed +3 trident.
* * * LOW HITPOINT WARNING * * *
The wight hits you with a cursed +0 mace.
You die...

# ....## ##
..z..## ##.
......# #.##†.
##
z.z..[.........
#.
........##.###.
##.## .....# #
##.
#.###...##z...#
...
#.....#.@z.#
###. #...####
#.. .. ##.##
#.# ### #.# #.#
#. #.#####.#
#.# #.
###)......# #.#
#. #).†.######
#.# #. #....#
#.#####. #.(.##
#.......


You could see 2 wights.

Vanquished Creatures
  2 wights (D:2)
  2 adders (D:2)
  4 worms (D:2)
  2 leopard geckos
  3 giant cockroaches
  4 goblins (D:1)
  6 hobgoblins (D:1)
  2 jackals (D:1)
  A quokka (D:2)
  A ball python (D:2)
  6 bats
  2 frilled lizards (D:2)
  3 kobolds
  5 rats
43 creatures vanquished.

Notes
Turn   | Place    | Note
-------+----------+-------------------------------------------
     0 | D:1      | Kinoniko the Draconian Monk began the quest for the Orb.
     0 | D:1      | Reached XP level 1. HP: 19/19 MP: 1/1
   117 | D:1      | Reached XP level 2. HP: 16/26 MP: 2/2
  1113 | D:2      | Reached XP level 3. HP: 19/33 MP: 3/3
  1755 | D:2      | Reached XP level 4. HP: 25/40 MP: 4/4
  1930 | D:2      | Reached XP level 5. HP: 31/46 MP: 5/5
  1934 | D:2      | HP: 1/46 [wight/cursed +3 trident (3)]
  1934 | D:2      | Slain by a wight

Illustrated notes

Levels and vault maps discovered:
D:1:      minmay_arrival_diagonal_passages, layout_loops_ring,
          minmay_small_reverse_x
D:2:      layout_loops_ring, minmay_overflow_temple_star_quad

Skill      XL: |  1  2  3  4 |
---------------+-------------+-----
Dodging        | 3 |  3.5
Axes           | 4 |  4.7
Fighting       | 4 |  4.3
Stealth        | |  1.7

Action                   |  1- 3 |  4- 6 || total
-------------------------+-------+-------++-------
Melee: Hand axe          |   134 |    21 ||   155
       Tailslap          |    12 |     1 ||    13
  Use: Potion            |     2 |     3 ||     5
 Stab: Sleeping          |     8 |     1 ||     9
Armor: Skin              |    44 |     2 ||    46
Dodge: Dodged            |   102 |    17 ||   119

Table legend: (Time is in decaauts)
 A = Elapsed time spent in this place.
 B = Non-inter-level travel time spent in this place.
 C = Inter-level travel time spent in this place.
 D = Time resting spent in this place.
 E = Time spent auto-exploring this place.
 F = Levels seen in this place.
 G = Mean time per level.
                   A        B        C        D        E       F      G
               +--------+--------+--------+--------+--------+-----+--------+
         Total |   1953 |   1944 |      9 |    417 |   1206 |   2 |  976.5 |
       Dungeon |   1953 |   1944 |      9 |    417 |   1206 |   2 |  976.5 |
               +--------+--------+--------+--------+--------+-----+--------+

Top non-repeatable levels by time:
     D:1: 1103 daAuts
     D:2: 849 daAuts
